Cogmind - Beta 16.1 @@@ ROGUE MODE // 2026.04.08 @ 18:37:27 Player: zacyquack Result: Destroyed by D-53 Grenadier with Mini Grenade Launcher Performance ------------- Evolutions (1) 500 Regions Visited (4) 800 Robots Destroyed (31) 155 Value Destroyed (702) 702 Prototype IDs (3) 60 Alien Tech Used (0) 0 Bonus (108) 108 TOTAL SCORE: 2325 Bonus ------- Follower Combat Kills 108 Cogmind --------- Core Integrity 0/400 Matter 255/300 Energy 100/100 System Corruption 0% Temperature Cool (3) Movement Core (350) Ox6 Location -9/Mines Parts ------- > --- POWER (1) -------- (None) > --- PROPULSION (2) --- (None) > --- UTILITY (4) ------ Large Storage Unit Advanced Targeting Computer Hacking Suite > --- WEAPON (2) ------- (None) > --- INVENTORY (15) --- Light Nuclear Core VTOL Module VTOL Module VTOL Module Improved Flight Unit High-capacity Matter Pod (200) Advanced Weight Redist. System Experimental Sensor Array Advanced Targeting Computer Advanced Targeting Computer Utility Shielding Light Armor Plating Beamcaster Heavy Assault Rifle Peak State ------------ > --- POWER ------------ Light Angular Momentum Engine > --- PROPULSION ------- Light Treads Light Treads > --- UTILITY ---------- Large Storage Unit Advanced Targeting Computer Hardened Light Armor Plating Hacking Suite > --- WEAPON ----------- Heavy Assault Rifle Autogun > --- INVENTORY -------- Light Ion Engine Light Treads High-capacity Matter Pod Advanced Weight Redist. System Visual Processing Unit Experimental Sensor Array Advanced Targeting Computer Advanced Targeting Computer Advanced Targeting Computer Utility Shielding Beamcaster Grenade Launcher Grenade Launcher Datajack [Rating: 23] Favorites ----------- Power Ion Engine Engine Ion Engine Propulsion Light Treads Treads Light Treads Utility Large Storage Unit Device ECM Suite Storage Large Storage Unit Processor Advanced Targeting Computer Hackware Hacking Suite Protection Utility Shielding Weapon Light Assault Rifle Energy Gun Medium Laser Ballistic Gun Light Assault Rifle Launcher Grenade Launcher Build | -11 -10 -10 -9 -9 ------- Run | Yrd Mat Min Mat Min Slots Evolved 2 | . . . 2 . Power . | . . . . . Propulsion . | . . . . . Utility 2 | . . . 2 . Weapon . | . . . . . Parts Attached 22 | 6 1 3 12 . Power 2 | 1 . . 1 . Engine 2 | 1 . . 1 . Core . | . . . . . Reactor . | . . . . . Propulsion 4 | 2 . . 2 . Treads 4 | 2 . . 2 . Leg . | . . . . . Wheel . | . . . . . Hover . | . . . . . Flight . | . . . . . Utility 10 | 1 1 2 6 . Device 2 | . . . 2 . Storage 4 | 1 1 2 . . Processor 1 | . . . 1 . Hackware 1 | . . . 1 . Protection 2 | . . . 2 . Artifact . | . . . . . Weapon 6 | 2 . 1 3 . Energy Gun 1 | 1 . . . . Energy Cannon . | . . . . . Ballistic Gun 3 | 1 . . 2 . Ballistic Cannon . | . . . . . Launcher 2 | . . 1 1 . Special Weapon . | . . . . . Impact Weapon . | . . . . . Slashing Weapon . | . . . . . Piercing Weapon . | . . . . . Special Melee Weapon . | . . . . . Unidentified Prototypes . | . . . . . Parts Lost 8 | . . . 1 7 Power 1 | . . . . 1 Propulsion 2 | . . . . 2 Utility 2 | . . . 1 1 Weapon 3 | . . . . 3 Highest Loss Streak 7 | . . . 1 7 To Critical Strikes . | . . . . . Average Backups 10 | 1 3 8 14 14 Power 1 | 1 1 1 1 1 Propulsion 1 | . . 1 1 4 Utility 4 | . . 2 7 7 Weapon 2 | . . 1 3 2 Tool/Special . | . . . . . Unused Backups 17 | . . . 7 10 Power 3 | . . . 1 2 Propulsion 3 | . . . . 3 Utility 8 | . . . 4 4 Weapon 2 | . . . 1 1 Tool/Special 1 | . . . 1 . Average Slot Usage (%) 95 | . 85 98 98 96 Engine 12 | . 14 14 11 11 Treads 24 | . 28 28 22 21 Storage 16 | . 14 26 11 11 Processor 5 | . . . 10 11 Hackware 5 | . . . 10 11 Protection 4 | . . . 9 10 Energy Gun 7 | . 14 12 1 . Ballistic Gun 16 | . 14 14 20 12 Peak Build Rating 23 | 6 6 8 23 23 Average Rating 12 | 3 6 7 19 22 On Entrance 8 | . 6 6 8 23 Avg Prop Armor Cover (%) . | . . . . . Naked Turns . | . . . . . Heaviest Build 40 | 13 28 33 40 40 Greatest Support 40 | 40 40 40 40 40 Greatest Overweight (x) 1 | 1 . . . . Average Overweight (x) . | . . . . . Largest Inventory Capacity 15 | 8 15 15 15 15 Average Capacity 13 | 7 10 15 15 15 Most Carried 15 | 6 5 10 15 15 Average Carried 10 | 2 3 8 14 14 Final Capacity 15 | 8 15 15 15 15 Final Carried 15 | 1 5 10 15 14 Class Distribution -------------------- 82% | Mutant 17% | Scavenger-Mutant Dominant Class ---------------- Mutant | -10/Materials Mutant | -10/Mines Mutant | -9/Materials Mutant | -9/Mines Resources | -11 -10 -10 -9 -9 ----------- Run | Yrd Mat Min Mat Min Matter Collected 1066 | 187 100 145 582 52 Remotely . | . . . . . Salvage Created 924 | . 154 74 595 101 Parts 66 | . 10 12 37 7 Haulers Intercepted 1 | . 1 . . . Recyclers Shooed 1 | . . . 1 . Parts Field Recycled . | . . . . . Retrieved Matter . | . . . . . Parts Self-Destructed . | . . . . . Prevented . | . . . . . Parts Restored . | . . . . . Kills | -11 -10 -10 -9 -9 ------- Run | Yrd Mat Min Mat Min Combat Hostiles Destroyed 25 | . 3 6 13 3 Guns 21 | . 3 4 13 1 AOE 4 | . . 2 . 2 Classes Destroyed 7 | . 3 1 2 1 Worker 1 | . . . . 1 Hauler 1 | . 1 . . . Recycler 1 | . . . 1 . Watcher 3 | . 1 . 2 . Swarmer 11 | . . 6 5 . Grunt 11 | . 3 . 5 3 Sentry 3 | . . . 3 . Best Kill Streak 5 | . 2 3 5 3 Combat Bots Only 5 | . 2 3 5 3 Max Kills in Single Turn 2 | . 1 2 2 2 Gunslinging 1 | . . 1 1 . Exploded 2 | . . 2 . 1 Melee . | . . . . . Uniques/NPCs Destroyed . | . . . . . Combat | -11 -10 -10 -9 -9 -------- Run | Yrd Mat Min Mat Min Hostile Shots Fired 128 | . 12 25 72 19 Missed 34 | . 1 6 20 7 Hits 94 | . 11 19 52 12 Projectile 94 | . 11 19 52 12 AOE 14 | . . . . 14 Critical Strikes 1 | . . . 1 . Damage Taken 1621 | . 122 173 630 696 Core 493 | . 22 59 144 268 Absorbed by Shields . | . . . . . Core Remaining (%) 83 | 100 . 67 . . Volleys Fired 80 | . 17 9 45 9 Largest 2 | . 2 2 2 2 Hottest 70 | . 70 70 70 53 Shots Fired 155 | . 34 15 88 18 Gun 142 | . 34 11 86 11 Cannon . | . . . . . Launcher 13 | . . 4 2 7 Special . | . . . . . Kinetic 117 | . 17 7 82 11 Thermal 25 | . 17 4 4 . Explosive 13 | . . 4 2 7 Electromagnetic . | . . . . . Robot Hit Streak 23 | . 4 3 23 18 Robot Miss Streak 3 | . 2 3 2 1 Penetration Max . | . . . . . Secondary Targets 5 | . . 1 4 . Max Gunslinging Chain 1 | . . 1 1 . Shots Hit Robots 107 | . 21 5 67 14 Core Hits 51 | . 9 6 26 10 Critical Kills . | . . . . . Critical Parts Destroyed 2 | . . . 2 . Critical Strikes 4 | . 2 . 2 . Burn 2 | . 2 . . . Destroy 2 | . . . 2 . Melee Attacks . | . . . . . Impact . | . . . . . Slashing . | . . . . . Piercing . | . . . . . Sneak Attacks . | . . . . . Combat Hostiles . | . . . . . Follow-up Attacks . | . . . . . Damage Inflicted 1747 | . 244 199 954 350 Guns 1340 | . 225 69 954 92 Cannons . | . . . . . Explosions 376 | . . 118 . 258 Melee . | . . . . . Ramming 31 | . 19 12 . . Kinetic 1139 | . 86 32 929 92 Thermal 201 | . 139 37 25 . Explosive 376 | . . 118 . 258 Electromagnetic . | . . . . . Impact . | . . . . . Slashing . | . . . . . Piercing . | . . . . . Highest Corruption . | . . . . . Average Corruption . | . . . . . Corruption Purged . | . . . . . Corruption Blocked . | . . . . . Overload Shots . | . . . . . Overflow Damage 36 | . . . . 36 Projectiles . | . . . . . Explosions 36 | . . . . 36 Melee . | . . . . . Knockbacks . | . . . . . Impact . | . . . . . Kinetic . | . . . . . Secondary . | . . . . . Self-Inflicted Damage 95 | . . 15 . 80 Shots 5 | . . 2 . 3 Rammed 3 | . 2 1 . . Targets Rammed 4 | . 3 1 . . Kicked . | . . . . . Crushed 1 | . 1 . . . Highest Temperature 106 | . 106 50 93 35 Average Temperature 31 | . 35 20 34 16 Received Heat Transfer 279 | . 66 . 201 12 Siege Activations . | . . . . . Martial Activations . | . . . . . Shielding Activations . | . . . . . Robots Disrupted . | . . . . . Combat Hostiles . | . . . . . Robots Corrupted . | . . . . . Combat Hostiles . | . . . . . Parts Fried . | . . . . . Impact Corruptions . | . . . . . Robots Melted . | . . . . . Combat Hostiles . | . . . . . Parts Melted 2 | . 2 . . . Heat Transferred 740 | . 555 111 74 . Parts Sabotaged . | . . . . . Parts Stolen . | . . . . . Parts Stripped . | . . . . . Power Chain Reactions . | . . . . . Alert | -11 -10 -10 -9 -9 ------- Run | Yrd Mat Min Mat Min Maximum Alert Level . | . . . . . Low Security (%) 100 | 100 100 100 100 100 Level 1 . | . . . . . Level 2 . | . . . . . Level 3 . | . . . . . Level 4 . | . . . . . Level 5 . | . . . . . High Security . | . . . . . Max Security . | . . . . . Peak Influence 191 | . 45 132 191 86 Initial 44 | . . . 44 7 Average 25 | . 7 17 37 56 Influence Increases 851 | . 89 173 495 94 Destroy 0b10 Robot/C 580 | . 60 120 340 60 Destroy 0b10 Robot/NC 35 | . 10 . 20 5 Destroy Leader 118 | . 4 20 84 10 Allied During Kill 9 | . . . 9 . Successful Hack 26 | . . . 26 . Destroy Structure 68 | . . 33 16 19 Lose Combat Pursuer 15 | . 15 . . . Influence Decreases 851 | . 89 57 590 115 Entered New Map 86 | . . . 72 14 Time Decay 498 | . 89 57 302 50 Lost Part 56 | . . . 5 51 Lost Ally 17 | . . . 17 . Purge Threat 194 | . . . 194 . Squads Dispatched 4 | . . . 4 . Investigation 4 | . . . 4 . Extermination . | . . . . . Reinforcement . | . . . . . Assault . | . . . . . Garrison . | . . . . . Intercept . | . . . . . Searches Triggered . | . . . . . Construction Impeded . | . . . . . Haulers Reinforced . | . . . . . Active Scanning Responses . | . . . . . Cargo Convoy Interrupts . | . . . . . Stealth | -11 -10 -10 -9 -9 --------- Run | Yrd Mat Min Mat Min Distress Signals 1 | . . . 1 . Communications Jammed . | . . . . . Distress Signals . | . . . . . Times Spotted 40 | . 8 6 21 5 Peak Tracking Total 6 | . 3 3 6 3 Tactical Retreats 1 | . 1 . . . Traps | -11 -10 -10 -9 -9 ------- Run | Yrd Mat Min Mat Min Traps Triggered 1 | . . . 1 . Indirectly . | . . . . . Trap Hack Attempts . | . . . . . Triggered . | . . . . . Disarmed . | . . . . . Reprogrammed . | . . . . . Reused . | . . . . . Traps Extracted . | . . . . . Installed . | . . . . . Triggered . | . . . . . Machines | -11 -10 -10 -9 -9 ---------- Run | Yrd Mat Min Mat Min Machines Disabled . | . . . . . Max in Single Turn . | . . . . . Machines Repaired . | . . . . . Machines Dismantled . | . . . . . Machines Sabotaged . | . . . . . Overloaded Fab Kills . | . . . . . Hacking | -11 -10 -10 -9 -9 --------- Run | Yrd Mat Min Mat Min Machines Accessed 12 | . 1 1 10 . Terminals 9 | . . 1 8 . Fabricators . | . . . . . Repair Stations . | . . . . . Recycling Units 1 | . 1 . . . Scanalyzers 2 | . . . 2 . Garrison Access . | . . . . . Total Hacks 50 | . 1 3 46 . Successful 31 | . 1 . 30 . Failed 18 | . . 3 15 . Catastrophic 2 | . . 1 1 . Database Lockouts 1 | . . . 1 . Manual 16 | . . 3 13 . Terminals 32 | . . 3 29 . Fabricators . | . . . . . Repair Stations . | . . . . . Recycling Units 1 | . 1 . . . Scanalyzers 17 | . . . 17 . Garrison Access . | . . . . . Terminal Hacks 16 | . . . 16 . Record 2 | . . . 2 . Robot Analysis 1 | . . . 1 . Prototype ID Bank 1 | . . . 1 . Branch Access Points 1 | . . . 1 . Alert Level 3 | . . . 3 . Unreport Threat 2 | . . . 2 . Locate Traps 1 | . . . 1 . Patrol Status 1 | . . . 1 . Investigation Status 1 | . . . 1 . Recall Investigation 2 | . . . 2 . Hauler Manifests 1 | . . . 1 . Fabricator Hacks . | . . . . . Repair Station Hacks . | . . . . . Recycling Unit Hacks 1 | . 1 . . . Report Inventory 1 | . 1 . . . Scanalyzer 14 | . . . 14 . Insert Component 4 | . . . 4 . Analyze 4 | . . . 4 . Retrieve Study 6 | . . . 6 . Garrison Access Hacks . | . . . . . Unauthorized Hacks . | . . . . . Terminals . | . . . . . Fabricators . | . . . . . Repair Stations . | . . . . . Recycling Units . | . . . . . Scanalyzers . | . . . . . Garrison Access . | . . . . . Data Cores Recovered 1 | . . . 1 . Used . | . . . . . Hacking Detections 10 | . . 1 9 . Full Trace Events 5 | . . . 5 . Feedback Events . | . . . . . Feedback Blocked . | . . . . . Robot Schematics Acquired . | . . . . . Robots Built . | . . . . . Authchips . | . . . . . Time . | . . . . . Total Robot Build Rating . | . . . . . Part Schematics Acquired 3 | . . . 3 . Parts Built . | . . . . . Authchips . | . . . . . Time . | . . . . . Total Part Build Rating . | . . . . . Part Studies Acquired 6 | . . . 6 . Parts Repaired . | . . . . . Time . | . . . . . Parts Recycled . | . . . . . Recycled Matter . | . . . . . Retrieved Matter . | . . . . . Retrieved Components . | . . . . . Parts Scanalyzed 3 | . . . 3 . Part Schematics Acquired 3 | . . . 3 . Parts Damaged 1 | . . . 1 . Bothacking | -11 -10 -10 -9 -9 ------------ Run | Yrd Mat Min Mat Min Used RIF Installer . | . . . . . Robots Hacked . | . . . . . Non-combat . | . . . . . Combat . | . . . . . Robot Hacks Applied . | . . . . . Relay Couplers Released . | . . . . . Fabnet Peak Effective % . | . . . . . Robots Rewired . | . . . . . Allies Hacked . | . . . . . Hacks Repelled . | . . . . . Allies | -11 -10 -10 -9 -9 -------- Run | Yrd Mat Min Mat Min Total Allies 1 | . . 1 . . Largest Group 1 | . . 1 1 . Highest-Rated Group 31 | . . 31 31 . Highest-Rated Ally 31 | . . 31 31 . Total Orders . | . . . . . Ally Attacks 19 | . . . 19 . Total Damage 317 | . . . 317 . Kills 5 | . . . 5 . Allies Corrupted . | . . . . . Allies Melted . | . . . . . Intel | -11 -10 -10 -9 -9 ------- Run | Yrd Mat Min Mat Min Active Infowar (turns) 72 | . . . 72 . ECM 72 | . . . 72 . Robot Analysis Total 1 | . . . 1 . Derelict Logs Recovered 1 | . . 1 . . Drone Launches . | . . . . . Drone Recoveries . | . . . . . Exploration | -11 -10 -10 -9 -9 ------------- Run | Yrd Mat Min Mat Min Turns Passed 2072 | 58 406 619 887 102 Spaces Moved 1068 | 39 214 354 414 47 Core 22 | 22 . . . . Treads 1046 | 17 214 354 414 47 Legs . | . . . . . Wheels . | . . . . . Hover . | . . . . . Flight . | . . . . . Fastest Speed 50 | 50 160 160 160 160 Average Speed 158 | 117 160 160 160 160 Slowest Speed 160 | 160 160 160 160 160 Overloaded Moves . | . . . . . Propulsion Burnouts . | . . . . . Robots Hopped . | . . . . . Potential Cave-ins . | . . . . . Cave-ins Triggered . | . . . . . Exploration Rate (%) 35 | 4 35 82 39 16 Regions Visited 4 Branch Regions 2 Pre-discovered Areas 1 | . . 1 . . Known Exits Taken 1 | . . . 1 . Unknown Exits Taken 3 | 1 1 1 . . Scrap Searched 1 | . . 1 . . Spaces Dug 32 | . . 17 15 . Terrain Destroyed 71 | . . 34 15 22 Melee . | . . . . . Projectile . | . . . . . AOE 71 | . . 34 15 22 Terrain Rammed . | . . . . . Walls Destroyed . | . . . . . Machines Disabled . | . . . . . Actions | -11 -10 -10 -9 -9 --------- Run | Yrd Mat Min Mat Min Total 1308 | 51 245 391 561 60 Wait 80 | . 5 14 61 . Move 1064 | 38 213 353 413 47 Hop . | . . . . . Pick Up 37 | 7 5 7 17 1 Fast Attach 1 | . . . 1 . Attach 10 | 6 . 1 2 1 Detach . | . . . . . Swap 17 | . 1 5 10 1 Drop 15 | . 1 1 12 1 Fire 80 | . 17 9 45 9 Melee . | . . . . . Ram . | . . . . . Kick . | . . . . . Crush 4 | . 3 1 . . Escape Stasis . | . . . . . Rewire . | . . . . . Trap . | . . . . . Miscellaneous . | . . . . . Route ------- -11/Scrapyard -10/Materials (discovered 2 exits: *Min x2) -10/Mines (discovered 2 exits: *Mat / [*Sub]) -9/Materials (discovered 2 exits: [*Mat] / *Min) -9/Mines (discovered 1 exit: [*Mat]) History --------- Turn | Location | Event 14 | -11/Scrapyard | Discovered new exit (range 15) 59 | -11/Scrapyard | Entered Materials 307 | -10/Materials | Build established: Mutant 388 | -10/Materials | Discovered new exit (range 8) 406 | -10/Materials | Discovered new exit (range 16) 465 | -10/Materials | Entered Mines 468 | -10/Mines | Met a Derelict bent on vengeance 502 | -10/Mines | Found a damaged Exp. Sensor Array with a note attached 505 | -10/Mines | Found Prototype Device 516 | -10/Mines | Found DCF Scrap (13 items) 913 | -10/Mines | Learned location of Zion (-6) 1017 | -10/Mines | Discovered new exit (range 13) 1040 | -10/Mines | Discovered new exit (range 5) 1046 | -10/Mines | Escorted by a lone wolf Derelict 1084 | -10/Mines | Entered Materials 1084 | -9/Materials | Accompanied by 1 ally 1084 | -9/Materials | Evolved 2 slots: Utility x2 1252 | -9/Materials | Central database locked down 1458 | -9/Materials | Identified exit to Mines 1591 | -9/Materials | Discovered new exit (range 13) 1768 | -9/Materials | Identified Exp. Sensor Array 1926 | -9/Materials | Build established: Scavenger-Mutant 1971 | -9/Materials | Entered Mines 2054 | -9/Mines | Assembled infested the area 2057 | -9/Mines | Discovered new exit (range 5) 2059 | -9/Mines | Assisted by a Guerilla fighting off Assembled 2064 | -9/Mines | Core integrity fell below 50% 2072 | -9/Mines | Core integrity fell below 20% 2073 | -9/Mines | Destroyed by D-53 Grenadier with Mini Grenade Launcher Last Messages --------------- ahead or try to find another way!" 02059_ HV Slug penetrates Wall. 02059_ Grenade Launcher+ destroyed. 02061_ HV Slug penetrates Wall. 02061_ Y5-ZY0(h) destroyed. 02064_ The unstable cave ceiling collapses. 02065_ K-01 Serf destroyed. 02067_ The unstable cave ceiling collapses. 02068_ Hrd. Light Armor Plating destroyed. 02068_ Lgt. Treads+ destroyed. 02069_ The unstable cave ceiling collapses. 02070_ R-06 Scavenger destroyed. 02071_ The unstable cave ceiling collapses. 02071_ Lgt. Treads+ destroyed. 02072_ The unstable cave ceiling collapses. 02072_ D-53 Grenadier destroyed. 02073_ Grenade Launcher+ destroyed. 02073_ Destroyed Grenade Launcher+. 02073_ Autogun+ destroyed. 02073_ Lgt. Angular Momentum Engine destroyed. Map ----- +----------------------------------------------------+ | ??????????????????????????????????????? | | ??????????????????????????????????????? | | ??????????????????????????????????????? | | ??????????????????????????????????????? | | ??????????????????????????????????????? | | ??????????????????????????????????????? | | ??????????????????????????????????????? | | ??????????????????????????????????????? | | ??????????????????????????????????????? | | ??????????????????????????????????????? | | ???????????????????????????????# ???? | | ??????????????????????????????# ???? | | ?????????????????????????????# ????? | | ??????????????#######???????# ?????? | | ??????????????# $ ?????## ?????? | | ??????????????# ! ! ????; ??????? | | ??????????????# ! ! ####; ???????? | | ??????????????# ! ! # ????????? | | ??????????????# ! ?????????? | | ???????????????? < % ##????????? | | ??????????????????? = ##???????? | | ????????????????????# ####????? | | ????????????????????# ## ##???? | | ????????????????????# ##??? | | ????????????????????## d ##?? | | ????????????????????## @ #?? | | ????????????????????# #?? | | ????????????????????# ## ##?? | | ????????????????????## %* #####??? | | ?????????????????????## == #??????? | | ??????????????????????### #??????? | | ??????????????????????#### #??????? | | ?????????????????????## ### #??????? | | ?????????????????????# ## t###?????? | | ?????????????????????# # #?????? | | ?????????????????????## # #?????? | | ??????????????????????# ### #?????? | | ??????????????????????# # ###???? | | ??????????????????????# ##??? | | ??????????????????????# != #??? | | ??????????????????????## % ! #??? | | ?????????????????# =* #??? | | ?????????????????# ##??? | | ?????????????????# ##???? | | ?????????????????# #### ##????? | | ?????????????????## #???## ##?????? | | ??????????????????#####?????####??????? | | ??????????????????????????????????????? | | ??????????????????????????????????????? | | | +----------------------------------------------------+ Best States ------------- Heat Dissipation 28 Energy Generation 18 Energy Capacity 250 Matter Stores 357 Matter Capacity 500 Sight Range 16 Terrain Scan Density 10 ECM Strength 1 Armor Coverage 150 Utility Shielding 33 Evasion (%) 40 Targeting Accuracy 8 Recoil Reduction 2 Offensive Hacking 10 Item Schematics ----------------- Adv. Targeting Computer | -9/Materials | Scanalyzed ECM Suite | -9/Materials | Scanalyzed Exp. Sensor Array | -9/Materials | Scanalyzed Robot Schematics ------------------ None Fabricated ------------ Nothing Repaired ---------- Nothing Studied --------- Grenade Launcher | -9/Materials | Hacked Lgt. Treads | -9/Materials | Hacked Datajack | -9/Materials | Hacked Autogun | -9/Materials | Hacked Hvy. Assault Rifle | -9/Materials | Hacked Lgt. Ion Engine | -9/Materials | Hacked Alien Tech Used ----------------- None Achievements -------------- Safety First root@ Challenges ------------ None Game ------ Seed CobblerSmartbombHoverbase Manual? 0 Play Time 00:36:51 Cumulative 9.2 hours Start 2026.04.08 @ 18:01:27 End 2026.04.08 @ 18:37:27 Sessions 1 Manual Loads 0 Difficulty Rogue Special Mode None Game No. 13 Rogue 13 Adventurer 0 Explorer 0 Win Type - Total 0 Types 0/0/0/0/0/0/0/0/0/0 Lore% 9 Gallery% 11 Achievement% 12 Wizard Run 0 Options --------- Layout 1 ASCII 0 Keyboard 0 Movement Mouse Keybinds 0 Fullscreen 1 Font 32/SmallcapsGlow Map View 50x35 Zoom Use 0% Tactical HUD 1 Map Filters NONE Filters NONE Steam 1 RUN: 246d51b0-8580-43f8-95d5-6ffbe9a2e7de